 Dungeon Crawl Stone Soup version 0.30-a0-808-g6e0788376e (webtiles) character file.

Game seed: 13994322812025389830

37843 Twinkles the Severer (level 13, 0/183 HPs)
             Began as a Hill Orc Reaver on Feb 26, 2023.
             Was a Follower of Uskayaw.
             Slain by a skyshark (24 damage)
             ... on level 4 of the Lair of Beasts.
             The game lasted 00:59:59 (19464 turns).

Twinkles the Severer (Hill Orc Reaver)             Turns: 19464, Time: 00:59:59

Health: 0/183      AC: 24    Str: 20    XL:     13   Next: 99%
Magic:  19/23      EV:  7    Int: 13    God:    Uskayaw [*.....]
Gold:   314        SH: 11    Dex: 15    Spells: 14/15 levels left

rFire   . . .      SeeInvis .    a - +1 broad axe (heavy)
rCold   + . .      Faith    +    l - +0 kite shield
rNeg    . . .      Spirit   .    h - +2 plate armour {rC+}
rPois   +          Reflect  .    (no helmet)
rElec   .          Harm     .    m - +0 cloak
rCorr   +          Rampage  .    n - +2 pair of gloves "Wihup" {rCorr}
Will    .....                    d - +1 pair of boots Stlth
                                 g - amulet of faith
HPRegen 0.50/turn                r - ring of poison resistance
MPRegen 0.18/turn                M - +6 ring of dexterity

@: berserking, about to teleport, very quick
A: no striking features
a: Renounce Religion, Stomp


You were on level 4 of the Lair of Beasts.
You worshipped Uskayaw.
Uskayaw was pleased with you.
You visited 3 branches of the dungeon, and saw 16 of its levels.
You also visited: Ossuary and Bailey.

You collected 1035 gold pieces.
You spent 721 gold pieces at shops.

Inventory:

Hand Weapons
 a - a +1 heavy broad axe (weapon)
 b - the +4 flail of Understanding {elec, rC- Will++ Int+5}
   (You bought it in a shop on level 5 of the Dungeon)

   Int:       It affects your intelligence (+5).
   rC:        It makes you vulnerable to cold.
   Will:      It greatly increases your willpower.
Missiles
 k - 6 javelins
 p - 4 datura-tipped darts
 s - 30 boomerangs
 v - 45 poisoned darts (quivered)
 V - a throwing net
Armour
 d - a +1 pair of boots (worn)
 h - a +2 plate armour of cold resistance (worn)
 l - a +0 kite shield (worn)
 m - a +0 cloak (worn)
 n - the +2 pair of gloves "Wihup" (worn) {rCorr}
   (You found it in a bailey)

   rCorr:     It protects you from acid and corrosion.
Jewellery
 g - an amulet of faith (around neck)
 r - a ring of poison resistance (left hand)
 t - a ring of flight
 x - an amulet of guardian spirit
 B - a ring of protection from cold
 M - a +6 ring of dexterity (right hand)
 S - a ring of protection from cold
Wands
 f - a wand of quicksilver (5)
 j - a wand of polymorph (6)
 q - a wand of flame (9)
 y - a wand of mindburst (12)
Scrolls
 c - 2 scrolls of brand weapon
 e - 3 scrolls of vulnerability {unknown}
 i - 4 scrolls of amnesia
 o - 2 scrolls of enchant armour
 u - 6 scrolls of fog {unknown}
 w - a scroll of enchant weapon
 z - 2 scrolls of poison
 D - 3 scrolls of blinking
 E - 3 scrolls of fear
 K - 4 scrolls of immolation
 O - a scroll of silence
 P - 2 scrolls of noise {unknown}
 X - 2 scrolls of magic mapping
 Y - 5 scrolls of teleportation
 Z - 4 scrolls of identify
Potions
 A - 3 potions of attraction
 C - a potion of experience {unknown}
 F - a potion of lignification {unknown}
 G - 5 potions of ambrosia
 H - 3 potions of haste
 I - 3 potions of invisibility
 J - 5 potions of curing
 L - 4 potions of flight
 N - 4 potions of heal wounds
 Q - a potion of magic
 R - 2 potions of resistance
 U - 5 potions of mutation
 W - a potion of brilliance {unknown}


   Skills:
 + Level 13.1 Fighting
 + Level 15.3 Axes
 + Level 11.7 Armour
 - Level 4.1 Dodging
 + Level 9.3 Shields
 - Level 1.7 Spellcasting
 - Level 3.1 Conjurations
 + Level 13.5 Invocations


You had 14 spell levels left.
You knew the following spells:

 Your Spells              Type           Power      Damage    Failure   Level
a - Kiss of Death         Conj/Necr      20%        2d7       99%         1

Your spell library contained the following spells:

 Spells                   Type           Power      Damage    Failure   Level
 Magic Dart               Conj           36%        1d4       94%         1
 Call Imp                 Summ           1%         N/A       100%        2
 Cigotuvi's Dreadful Rot  Necr/Pois/Air  2%         N/A       100%        2
 Momentum Strike          Conj/Tloc      10%        3d8       100%        2
 Poisonous Vapours        Pois/Air       2%         N/A       100%        2
 Call Canine Familiar     Summ           1%         N/A       100%        3
 Hailstorm                Conj/Ice       5%         3d4       100%        3
 Inner Flame              Hex/Fire       1%         N/A       100%        3
 Mephitic Cloud           Conj/Pois/Air  3%         N/A       100%        3
 Portal Projectile        Hex/Tloc       2%         N/A       100%        3
 Airstrike                Air            0%         2d(1-17)  100%        4
 Cause Fear               Hex            0%         N/A       100%        4
 Flame Wave               Conj/Fire      5%         2d5       100%        4
 Leda's Liquefaction      Hex/Erth       0%         N/A       100%        4
 Sticky Flame             Conj/Fire      5%         2d3       100%        4
 Summon Lightning Spire   Summ/Air       1%         N/A       100%        4
 Alistair's Intoxication  Tmut/Pois      0%         N/A       100%        5
 Freezing Cloud           Conj/Ice/Air   1%         6-21      100%        5
 Lightning Bolt           Conj/Air       2%         1d14      100%        5
 Silence                  Hex/Air        0%         N/A       100%        5
 Simulacrum               Ice/Necr       0%         N/A       100%        6
 Dragon Form              Tmut           0%         N/A       100%        7
 Dragon's Call            Summ           0%         N/A       100%        9
 Polar Vortex             Ice            0%         N/A       100%        9


Dungeon Overview and Level Annotations

Branches:
Dungeon (11/15) Zot: 25560  Temple (1/1) D:6 Zot: 5942    Lair (4/5) D:11 Zot: 19645
 Shoals (0/4) Lair:3       Spider (0/4) Lair:3      Ossuary (visited)
 Bailey (visited)
  Slime: Lair:4-5       Orc: D:9-12

Altars:
Ashenzari
Cheibriados
Dithmenos
Elyvilon
Fedhas
Gozag
Hepliaklqana
Kikubaaqudgha
Makhleb
Nemelex Xobeh
Okawaru
Qazlal
Ru
Sif Muna
Trog
Uskayaw
Vehumet
Wu Jian
Xom
Yredelemnul
Zin
The Shining One
Jiyva

Shops:
D:1 :   D:4 *=   D:5 ==(((   D:7 (

Annotations:
D:4 1 exclusion
D:9 2 transporters, Dittersdorf's ghost, novice GrFi
Lair:1 exclusion: upstairs
Lair:4 1 runed translucent door


Message History

You slash the skyshark!
The skyshark is severely wounded.
The skyshark bites you!! You block the skyshark's attack. x2
The skyshark barely misses you. The skyshark closely misses you.
You block the skyshark's attack.
You barely miss the skyshark.
The skyshark is severely wounded.
The skyshark bites you but does no damage.
You block the skyshark's attack.
The skyshark tail-slaps you but does no damage.
The skyshark bites you!!
* * * LOW HITPOINT WARNING * * *
You block the skyshark's attack. The skyshark tail-slaps you!
* * * LOW HITPOINT WARNING * * *
Aiming: Line Pass
Press: ? - help, Dir - move target The skyshark appears confused.
You can no longer pass through a line of other dancers.
The skyshark bites you.
* * * LOW HITPOINT WARNING * * *
You block the skyshark's attack. The skyshark tail-slaps you.
* * * LOW HITPOINT WARNING * * *
Press: ? - help, v - describe, . - travel
Here: a skyshark (severely wounded, berserk, confused)
The floor, spattered with blood.
As you read the scroll of teleportation, it crumbles to dust.
You feel strangely unstable.
The skyshark seems less confused.
You block the skyshark's attack. x2
The skyshark tail-slaps you but does no damage.
A red film seems to cover your vision as you go berserk!
You feel yourself moving faster!
You feel mighty! The skyshark bites you.
* * * LOW HITPOINT WARNING * * *
You block the skyshark's attack. The skyshark tail-slaps you.
* * * LOW HITPOINT WARNING * * *
You closely miss the skyshark.
The skyshark is severely wounded.
The skyshark bites you but does no damage.
You block the skyshark's attack. The skyshark completely misses you.
The skyshark bites you!!
You die...

###.....#..~~~... ##
.#.........P.P.... ..#
......##.##.......
P.....###.#.....###.....
..........#...[.# ..#...
#...# ..#..##..# ......
##....# #...####..#....
#P.....####.......# ..
.......@l....#..... ..
................... ##
...................
...................
...................
...................
...........?.......
..................


You could see a skyshark (berserk).

Vanquished Creatures
  2 hydras
  2 catoblepae
  A two-headed ogre (D:8)
  A boulder beetle (D:11)
  9 death yaks
  Urug (D:11)
  A death drake (shapeshifter) (D:10)
  A phantasmal warrior (D:11)
  An orc knight (Bailey)
  An ugly thing (D:11)
  A cyclops (D:11)
  A manticore (D:11)
  A black mamba (Lair:1)
  Joseph (Lair:1)
  8 cane toads
  A kobold demonologist (D:10)
  2 rime drakes
  A freezing wraith (D:11)
  An unseen horror (D:11)
  4 komodo dragons
  A meliai (Lair:3)
  A hornet (D:8)
  8 blink frogs (Lair:2)
  3 slime creatures (D:10)
  A shadow (D:10)
  3 wyverns
  66 yaks
  A wraith (D:11)
  A basilisk (Lair:2)
  8 vampire mosquitoes
  A steam dragon (D:6)
  Menkaure (Ossuary)
  2 acid dragons
  9 water moccasins
  3 ice beasts
  A black bear (D:4)
  4 orc warriors
  A sky beast (D:4)
  3 ogres
  2 centaurs
  9 wolves
  4 gnoll sergeants
  2 kobold brigands
  10 bullfrogs
  A scorpion (D:11)
  11 wights
  10 killer bees
  An electric eel (Lair:3)
  6 howler monkeys
  4 centaur zombies (Ossuary)
  5 hounds
  3 orc priests
  6 iguanas
  15 orc wizards
  An ogre zombie (Ossuary)
  6 mummies (Ossuary)
  19 gnolls
  7 adders
  2 white imps (D:8)
  2 ufetubi
  5 adder zombies (Ossuary)
  2 worms
  A dart slug (D:2)
  62 orcs
  6 bats
  4 endoplasms
  2 giant cockroaches (D:4)
  A gnoll zombie (Ossuary)
  9 hobgoblins
  A jackal (D:9)
  19 kobolds
  8 quokkas
  4 ball pythons
  A frilled lizard (D:1)
  11 goblins
  3 goblin zombies (Ossuary)
  3 hobgoblin zombies (Ossuary)
  5 kobold zombies
  5 quokka zombies (Ossuary)
  7 rats
  4 rat zombies (Ossuary)
448 creatures vanquished.

Vanquished Creatures (others)
  An orc wizard (D:4)
  31 fungi
  32 plants
64 creatures vanquished.

Grand Total: 512 creatures vanquished

Notes
Turn   | Place    | Note
-------+----------+-------------------------------------------
     0 | D:1      | Twinkles the Hill Orc Reaver began the quest for the Orb.
     0 | D:1      | Reached XP level 1. HP: 18/18 MP: 3/3
   195 | D:1      | Reached XP level 2. HP: 9/25 MP: 4/4
   288 | D:1      | Found Vamirrox's Book Shop.
   820 | D:2      | Reached XP level 3. HP: 21/30 MP: 5/5
  1061 | D:2      | Found a faded altar of an unknown god.
  1533 | D:3      | Reached skill level 1 in Armour
  1590 | D:3      | Reached XP level 4. HP: 38/38 MP: 6/6
  1786 | D:3      | Found a snail-covered altar of Cheibriados.
  1799 | D:3      | Found a hide-covered altar of Uskayaw.
  1949 | D:3      | Found a sparkling altar of Nemelex Xobeh.
  2266 | D:4      | Found a sand-covered staircase.
  2271 | D:4      | Reached skill level 5 in Axes
  2275 | D:4      | Reached XP level 5. HP: 45/46 MP: 7/7
  2288 | D:4      | Found Otiosey's Jewellery Shop.
  2295 | Ossuary  | Entered an ossuary
  2720 | Ossuary  | Reached XP level 6. HP: 51/52 MP: 6/8
  2863 | Ossuary  | Noticed Menkaure
  3068 | Ossuary  | Killed Menkaure
  3069 | Ossuary  | Reached skill level 6 in Axes
  3069 | Ossuary  | Reached XP level 7. HP: 28/60 MP: 4/9
  3373 | D:4      | Reached skill level 5 in Fighting
  3631 | D:4      | Found Vumnoteede's Elemental Accessories.
  4134 | D:4      | HP: 17/61 [something (2)]
  4138 | D:4      | Reached XP level 8. HP: 20/70 MP: 2/10
  4401 | D:5      | Entered Level 5 of the Dungeon
  4410 | D:5      | Reached skill level 7 in Axes
  4411 | D:5      | Found a shadowy altar of Dithmenos.
  4591 | D:5      | Found Okoin's Antique Weapon Boutique.
  4640 | D:5      | Found a sacrificial altar of Ru.
  4815 | D:5      | Found Cineluor's Jewellery Shoppe.
  4889 | D:5      | Found a blossoming altar of Fedhas.
  4931 | D:5      | Found Ecuefu's Jewellery Emporium.
  5048 | D:5      | Found Vual's Weapon Emporium.
  5085 | D:5      | Found a broken altar of Ashenzari.
  5085 | D:5      | Found a shimmering altar of Xom.
  5140 | D:5      | Found an ancient bone altar of Kikubaaqudgha.
  5298 | D:5      | Found Fifian's Weapon Emporium.
  5561 | D:3      | Became a worshipper of Uskayaw the Reveller
  5750 | D:6      | Reached * piety under Uskayaw
  5819 | D:6      | Found a staircase to the Ecumenical Temple.
  5826 | Temple   | Entered the Ecumenical Temple
  5889 | D:6      | Reached ** piety under Uskayaw
  5898 | D:6      | Reached skill level 1 in Invocations
  5984 | D:6      | Reached skill level 5 in Armour
  5985 | D:6      | Reached *** piety under Uskayaw
  5991 | D:6      | Reached **** piety under Uskayaw
  6108 | D:6      | You fall into a shaft and drop 1 floor!
  6129 | D:7      | Reached skill level 8 in Axes
  6239 | D:7      | Reached XP level 9. HP: 39/77 MP: 6/11
  6242 | D:7      | HP: 17/77 [wight/+3 long sword (8)]
  6247 | D:7      | HP: 10/75 [poisoned by a wight]
  6254 | D:7      | HP: 10/75 [wight/+3 long sword (1)]
  6501 | D:6      | Found a white marble altar of Elyvilon.
  6814 | D:6      | Found a glowing golden altar of the Shining One.
  7433 | D:6      | Reached skill level 9 in Axes
  7518 | D:5      | Bought an amulet of faith for 400 gold pieces
  7675 | D:7      | Reached skill level 5 in Invocations
  7690 | D:7      | HP: 21/81 [gnoll sergeant/+0 trident (5)]
  8183 | D:7      | Found Gyge's Antique Weapon Emporium.
  8863 | D:8      | HP: 23/82 [gnoll/+0 halberd[a gnoll sergeant] (5)]
  9055 | D:8      | Found a flagged portal.
  9057 | D:8      | Noticed a two-headed ogre
  9063 | D:8      | Noticed a hornet
  9069 | D:8      | Paralysed by a hornet for 3 turns
  9071 | D:8      | HP: 19/82 [hornet (13)]
  9277 | D:8      | Reached skill level 10 in Axes
  9277 | D:8      | Reached skill level 1 in Shields
  9277 | D:8      | Reached XP level 10. HP: 69/90 MP: 14/14
  9281 | D:8      | Killed a two-headed ogre
  9299 | Bailey   | Entered a bailey
  9578 | Bailey   | Noticed an orc knight
  9663 | Bailey   | Noticed an orc knight
  9807 | Bailey   | Identified the +2 pair of gloves "Wihup" {rCorr}
  9832 | Bailey   | Killed an orc knight
 10260 | D:8      | Paralysed by a hornet for 3 turns
 10776 | D:9      | Reached skill level 11 in Axes
 11373 | D:9      | Reached ***** piety under Uskayaw
 11375 | D:9      | Reached XP level 11. HP: 42/97 MP: 17/17
 11377 | D:9      | Reached ****** piety under Uskayaw
 11378 | D:9      | HP: 27/97 [yak (8)]
 11380 | D:9      | Reached skill level 12 in Axes
 11736 | D:9      | Found a transporter.
 11742 | D:9      | Noticed a two-headed ogre
 11745 | D:9      | Found a transporter.
 11746 | D:9      | Noticed a two-headed ogre
 11747 | D:9      | Noticed a two-headed ogre
 11747 | D:9      | Identified the +1 great mace "Tormentor" {speed, rElec
                  | Str-2 Int-5 Dex+9}
 11747 | D:9      | Identified the +2 great mace "Himom" {flame, rCorr Str+4
                  | Stlth-}
 11747 | D:9      | Noticed a two-headed ogre
 11751 | D:9      | Noticed Dittersdorf's ghost (novice GrFi)
 11836 | D:9      | Found a basalt altar of Yredelemnul.
 12010 | D:10     | Entered Level 10 of the Dungeon
 12573 | D:10     | HP: 27/99 [slime creature (7)]
 12578 | D:10     | Reached skill level 10 in Fighting
 12937 | D:7      | Bought a broad axe for 100 gold pieces
 13372 | D:10     | Reached skill level 10 in Invocations
 13729 | D:5      | Bought a smoking flail for 221 gold pieces
 13729 | D:5      | Identified the +4 flail of Understanding {elec, rC- Will++
                  | Int+5} (You bought it in a shop on level 5 of the Dungeon)
 13885 | D:11     | Reached skill level 5 in Shields
 13983 | D:11     | Noticed a brown ugly thing
 13993 | D:11     | Killed a brown ugly thing
 14121 | D:11     | Noticed Urug
 14130 | D:11     | Killed Urug
 14205 | D:11     | Noticed a cyclops
 14211 | D:11     | Killed a cyclops
 14368 | D:11     | Noticed a boulder beetle
 14380 | D:11     | Killed a boulder beetle
 14381 | D:11     | Reached skill level 13 in Axes
 14381 | D:11     | Reached XP level 12. HP: 80/108 MP: 18/20
 14506 | D:11     | Found a staircase to the Lair.
 14718 | D:11     | Noticed a frost giant
 14718 | D:11     | Noticed a centaur warrior
 14943 | D:10     | HP: 33/110 [poison (dark miasma)]
 14948 | D:10     | HP: 30/110 [poison (dark miasma)]
 15224 | Lair:1   | Entered Level 1 of the Lair of Beasts
 15379 | Lair:1   | Reached skill level 10 in Armour
 15609 | Lair:1   | Noticed a catoblepas
 15625 | Lair:1   | Killed a catoblepas
 15780 | Lair:1   | Noticed Joseph
 15788 | Lair:1   | Reached skill level 14 in Axes
 15796 | Lair:1   | Killed Joseph
 16621 | Lair:2   | Noticed a death yak
 16621 | Lair:2   | Noticed a death yak
 16622 | Lair:2   | Noticed a death yak
 16638 | Lair:2   | Killed a death yak
 16639 | Lair:2   | Reached XP level 13. HP: 98/117 MP: 22/22
 17435 | Lair:2   | Got Unniepn's Lessons on the Tincture and Lightning
 18486 | Lair:3   | Found a hole to the Spider Nest.
 18776 | Lair:3   | Found a staircase to the Shoals.
 19011 | Lair:4   | Reached skill level 15 in Axes
 19365 | Lair:4   | Found a runed translucent door.
 19365 | Lair:4   | Found a viscous altar of Jiyva.
 19459 | Lair:4   | HP: 35/122 [skyshark (28)]
 19464 | Lair:4   | Slain by a skyshark

Illustrated notes

Levels and vault maps discovered:
D:1:      mrwooster_arrival_statue, layout_loops_ring, serial_shops,
          nicolae_shop_hallway_plus, minmay_strange_pillars
D:2:      layout_basic, shapermc_ecumenical_altar_venn, serial_rivers,
          chequers_serial_rivers_micro_c, chequers_serial_rivers_micro_b,
          chequers_serial_rivers_micro_b, chequers_serial_rivers_room_a,
          chequers_serial_rivers_small_a, chequers_serial_rivers_marsh
D:3:      layout_basic, mainiacjoe_overflow_six_doors_small,
          mainiacjoe_overflow_large_starburst
D:4:      layout_cave_pods, serial_shops, shop, gup_sewer_entry_glass,
          enter_ossuary_3, nicolae_elemental_shop, serial_bayou_lagoon_a
D:5:      layout_basic, mainiacjoe_overflow_paths, mainiacjoe_overflow_alcove_1,
          nicolae_dithmenos_shadow_blocks, nicolae_overflow_squiral,
          nicolae_overflow_crystal_walls, serial_shops, nicolae_diamond_shop,
          kennysheep_mini, nicolae_shop_bloodbath_and_beyond, shop,
          nicolae_shop_crystal, minmay_misc_feat_square, minmay_holes,
          hangedman_abyss_or_decor_jellyfish_corner
D:6:      layout_gridville, tso_metal_star, elyvilon_altar_1,
          minmay_temple_entry_grid, minmay_misc_feat_alley, lightli_orcish_oven
D:7:      layout_basic, serial_shops, shop_fountains, uniq_menkaure
D:8:      layout_rooms, enter_bailey_4
D:9:      layout_grid_maze, mainiacjoe_overflow_small_starburst,
          gammafunk_ghost_smash
D:10:     layout_roguey
D:11:     layout_long_grid, grunt_lair_entry_orc_guard_hut,
          nicolae_rejected_hall, uniq_urug
Temple:   nicolae_temple_ecumenical_triangle
Lair:1:   layout_layer_cave, uniq_joseph
Lair:2:   layout_regular_city, grunt_megastairs_5, lemuel_fruit_fields
Lair:3:   layout_long_grid, elwin_shoals_entry_rocks,
          hellmonk_spider_entry_not_the_bees, lemuel_fruit_tree,
          infiniplex_staircase_pool, grunt_megastairs_2
Lair:4:   beast_lair_carwin_large_4, layout_regular_city, slime_entry_2,
          basic_altar, grunt_forest_stairs_basic

Skill      XL: |  1  2  3  4  5  6  7  8  9 10 11 12 13 |
---------------+----------------------------------------+-----
Fighting       | 3 4 5 7 8 9 10 11 13 | 13.1
Dodging        | 2 3 4 |  4.1
Armour         | 1 2 3 4 5 7 8 9 10 11 | 11.7
Axes           | 5 6 8 10 11 13 14 15 | 15.3
Invocations    | 3 6 9 10 12 13 | 13.5
Shields        | 1 3 5 7 9 |  9.3
Spellcasting   | |  1.7
Conjurations   | |  3.1

Action                     |  1- 3 |  4- 6 |  7- 9 | 10-12 | 13-15 || total
---------------------------+-------+-------+-------+-------+-------++-------
  Melee: Short sword       |    31 |       |       |       |       ||    31
         Hand axe          |   108 |   256 |    83 |       |       ||   447
         Punch             |     4 |    10 |     3 |       |       ||    17
         War axe           |       |       |   396 |   321 |       ||   717
         Broad axe         |       |       |       |   208 |   157 ||   365
         Flail             |       |       |       |       |    16 ||    16
  Throw: Dart              |       |       |    11 |    10 |       ||    21
 Invoke: Line Pass         |       |       |       |     2 |     1 ||     3
  Evoke: Wand              |       |       |       |    15 |     2 ||    17
    Use: Scroll            |       |       |    12 |    13 |     1 ||    26
         Potion            |       |       |     3 |     2 |     1 ||     6
   Stab: Paralysed         |       |       |    16 |    61 |    13 ||    90
         Petrified         |       |       |       |     6 |       ||     6
         Petrifying        |       |       |       |     1 |       ||     1
 Armour: Leather armour    |    34 |       |       |       |       ||    34
         Ring mail         |    26 |   116 |    82 |       |       ||   224
         Chain mail        |       |       |   142 |    38 |       ||   180
         Plate armour      |       |       |       |   310 |   180 ||   490
  Dodge: Dodged            |    68 |   133 |   241 |   135 |    57 ||   634
  Block: Kite shield       |       |       |    34 |   257 |   128 ||   419

Table legend: (Time is in decaauts)
 A = Elapsed time spent in this place.
 B = Non-inter-level travel time spent in this place.
 C = Inter-level travel time spent in this place.
 D = Time resting spent in this place.
 E = Time spent auto-exploring this place.
 F = Levels seen in this place.
 G = Mean time per level.
                   A        B        C        D        E       F      G
               +--------+--------+--------+--------+--------+-----+--------+
         Total |  19783 |  18077 |   1706 |   1854 |  12442 |  18 | 1099.1 |
       Dungeon |  13633 |  12012 |   1621 |   1397 |   8133 |  11 | 1239.4 |
        Temple |     57 |     44 |     13 |      0 |     35 |   1 |   57.0 |
          Lair |   4353 |   4281 |     72 |     25 |   3603 |   4 | 1088.2 |
       Ossuary |   1055 |   1055 |      0 |    164 |    572 |   1 | 1055.0 |
        Bailey |    684 |    684 |      0 |    268 |     99 |   1 |  684.0 |
               +--------+--------+--------+--------+--------+-----+--------+

Top non-repeatable levels by time:
     D:7: 1757 daAuts
     D:9: 1679 daAuts
     D:6: 1657 daAuts
    D:10: 1502 daAuts
  Lair:1: 1430 daAuts
  Lair:2: 1414 daAuts
     D:4: 1296 daAuts
     D:5: 1182 daAuts
    D:11: 1175 daAuts
 Ossuary: 1055 daAuts
     D:3: 1049 daAuts
     D:8: 1047 daAuts
  Lair:3: 1028 daAuts
     D:1: 814 daAuts
  Bailey: 684 daAuts
